 Dungeon Crawl Stone Soup version 0.30-a0-305-g026cb31310 (console) character file.

Game seed: 3781637693644500117

35574 jejorda2 the Impaler (level 13, -6/107 HPs)
             Began as a Merfolk Berserker on Oct 21, 2022.
             Was a High Priest of Trog.
             Mangled by a catoblepas (13 damage)
             ... on level 5 of the Lair of Beasts.
             The game lasted 00:34:11 (16997 turns).

jejorda2 the Impaler (Merfolk Berserker)           Turns: 16997, Time: 00:34:11

Health: -6/107     AC: 19    Str: 28    XL:     13   Next: 84%
Magic:  13/13      EV: 25    Int:  6    God:    Trog [*****.]
Gold:   735        SH:  0    Dex: 14    Spells: 12/12 levels left

rFire   + . .      SeeInvis .    a - +1 glaive (vorpal)
rCold   + . .      Faith    .    (shield currently unavailable)
rNeg    . . .      Spirit   .    r - +0 plate armour
rPois   +          Reflect  .    v - +1 helmet
rElec   .          Harm     .    h - scarf {rC+ rF+}
rCorr   .          Rampage  .    u - +0 pair of gloves
Will    .....                    s - +0 pair of boots
Stlth   ..........               y - amulet of the acrobat
HPRegen 0.37/turn                H - ring of poison resistance
MPRegen 0.13/turn                l - +6 ring of strength

@: acrobatic
A: (nimble swimmer 2), mertail
a: Renounce Religion, Berserk, Trog's Hand, Brothers in Arms


You were on level 5 of the Lair of Beasts.
You worshipped Trog.
Trog was extremely pleased with you.
You visited 2 branches of the dungeon, and saw 15 of its levels.

You collected 1010 gold pieces.
You spent 275 gold pieces at shops.

Inventory:

Hand Weapons
 a - a +1 vorpal glaive (weapon)
 b - a +0 trident
Missiles
 g - 2 javelins
 j - 90 stones
 w - 3 datura-tipped darts
 G - 3 boomerangs
 L - 15 poisoned darts (quivered)
Armour
 h - a scarf of resistance (worn)
 r - a +0 plate armour (worn)
 s - a +0 pair of boots (worn)
 u - a +0 pair of gloves (worn)
 v - a +1 helmet (worn)
Jewellery
 f - a ring of positive energy
 l - a +6 ring of strength (right hand)
 y - an amulet of the acrobat (around neck)
 E - a ring of protection from cold
 H - a ring of poison resistance (left hand)
Wands
 d - a wand of iceblast (9)
 A - a wand of polymorph (18)
 J - a wand of quicksilver (12)
 M - a wand of mindburst (18)
 N - a wand of charming (9)
 P - a wand of flame (7)
Scrolls
 m - 3 scrolls of magic mapping
 t - 14 scrolls of teleportation
 Q - a scroll of fear
Potions
 c - 4 potions of heal wounds
 e - 3 potions of attraction
 i - 7 potions of curing
 k - 4 potions of lignification
 n - 3 potions of haste
 o - a potion of might {unknown}
 p - 8 potions of flight
 x - 4 potions of invisibility
 z - 3 potions of resistance
 C - a potion of mutation {unknown}
 F - a potion of cancellation


   Skills:
 * Level 11.9 Fighting
 - Level 20.0 Polearms
 + Level 5.6 Throwing
 + Level 8.5 Armour
 - Level 6.0 Dodging
 - Level 6.0 Evocations


You had 12 spell levels left.
You didn't know any spells.
Your spell library was empty.

Dungeon Overview and Level Annotations

Branches:
Dungeon (10/15)            Temple (0/1) D:7            Lair (5/5) D:8
  Swamp (0/4) Lair:3       Spider (0/4) Lair:2        Slime (0/5) Lair:4
    Orc (0/2) D:10

Altars:
Okawaru
Xom
Jiyva

Shops:
D:4 *   D:8 *

Portals:
Trove: D:10 (give 2 scrolls of acquirement)

Annotations:
D:8 exclusions: lindwurm and 2 more exclusions
D:10 2 transporters, quakins's ghost, journeyman BaSu
Lair:3 1 runed translucent door, DrKenneth's ghost, journeyman MiFi
Lair:5 1 runed translucent door


Innate Abilities, Weirdness & Mutations

((You are very nimble when in or above water. (Stealth+, EV+, Speed+++)))
Your lower body shifts to a powerful aquatic tail in water.


Message History

* * * LOW HITPOINT WARNING * * *
The catoblepas breathes a plume of calcifying dust at you.
The blast of calcifying dust hits you but does no damage.
The catoblepas attacks as you move away!
The catoblepas gores you but does no damage.
You slash the catoblepas!
The catoblepas is almost dead.
The catoblepas gores you!
* * * LOW HITPOINT WARNING * * *
The catoblepas gores you!
* * * LOW HITPOINT WARNING * * *
Unknown command.
You feel much better.
The catoblepas breathes a plume of calcifying dust at you.
The blast of calcifying dust hits you.
* * * LOW HITPOINT WARNING * * *
The catoblepas gores you but does no damage.
Unknown command.
The catoblepas breathes a plume of calcifying dust at you.
The blast of calcifying dust hits you but does no damage.
You feel much better.
The catoblepas gores you but does no damage.
The catoblepas rams the ground with its head heavily.
You completely miss the catoblepas.
The catoblepas is severely wounded.
You slash the catoblepas!
The catoblepas is almost dead.
The catoblepas gores you!!
* * * LOW HITPOINT WARNING * * *
The catoblepas gores you!!
* * * LOW HITPOINT WARNING * * *
Unknown command.
As you read the scroll of fear, it crumbles to dust.
You assume a fearsome visage.
The catoblepas looks frightened!
The catoblepas resists with almost no effort.
The catoblepas breathes a plume of calcifying dust at you.
The blast of calcifying dust hits you but does no damage.
Unknown command.
The catoblepas gores you!
You die...

....#### ###...#+# ...##
#...####D$ P.## ##..#
$.$# ...## ###..## $($#
#...## #....# $$$# ...
##..P### ##..##### $##
#..#. #P..PPP# ##..#§.##
###.....# ......##
##.§§#"#####......<..
......##
#..§§@...##..........
.......#
#.P.Y.....#.........
##....##
###Y§...#.....#......
######
#..#P..##........#...
#####............#....
#.........#.#......#.).
....##.....#..P........#
### ###.......#.#......
#........##.##...#


You could see 2 catoblepae.

Vanquished Creatures
  4 hydras
  An orb spider (Lair:2)
  2 lindwurms (Lair:5)
  3 black mambas
  7 elephants
  7 torpor snails
  Joseph (D:8)
  14 cane toads
  An unseen horror (D:10)
  2 rime drakes (Lair:4)
  6 komodo dragons
  3 tyrant leeches (Lair:5)
  7 hornets (Lair:5)
  A troll (D:9)
  4 polar bears
  7 blink frogs
  3 slime creatures (Lair:4)
  2 shadows (D:10)
  29 yaks
  6 wyverns
  A wraith (D:10)
  4 basilisks
  4 vampire mosquitoes (D:8)
  6 steam dragons
  An acid dragon (D:9)
  2 swamp worms (Lair:3)
  13 water moccasins
  2 orc warriors (D:9)
  A sky beast (D:7)
  4 ice beasts
  A black bear (Lair:1)
  3 ogres
  13 wolves
  5 centaurs
  2 phantoms
  12 bullfrogs
  2 kobold brigands
  2 gnoll sergeants
  5 scorpions
  8 wights
  4 killer bees (D:8)
  2 troll zombies (D:10)
  3 howler monkeys
  4 hounds
  3 jellies
  Crazy Yiuf (D:7)
  5 orc priests
  A gnoll bouda (D:6)
  4 iguanas
  11 orc wizards
  4 ogre zombies (D:10)
  5 adders
  16 gnolls
  A white imp (D:5)
  An ufetubus (D:7)
  2 worms
  2 dart slugs (D:1)
  27 orcs
  11 ball pythons
  7 bats
  3 endoplasms
  3 giant cockroaches
  14 goblins
  4 hobgoblins
  11 jackals
  A quokka (D:4)
  2 frilled lizards (D:2)
  A goblin skeleton (D:10)
  6 goblin zombies (D:10)
  15 kobolds
  12 orc zombies (D:10)
  4 rats
391 creatures vanquished.

Vanquished Creatures (collateral kills)
  2 yaks (D:10)
2 creatures vanquished.

Vanquished Creatures (others)
  30 fungi
  52 plants
82 creatures vanquished.

Grand Total: 475 creatures vanquished

Notes
Turn   | Place    | Note
-------+----------+-------------------------------------------
     0 | D:1      | jejorda2 the Merfolk Berserker began the quest for the Orb.
     0 | D:1      | Reached XP level 1. HP: 18/18 MP: 1/1
   141 | D:1      | Reached XP level 2. HP: 24/24 MP: 2/2
   675 | D:1      | Reached XP level 3. HP: 26/29 MP: 3/3
   945 | D:2      | Reached ** piety under Trog
  1017 | D:2      | Found a faded altar of an unknown god.
  1023 | D:2      | Reached skill level 5 in Polearms
  1223 | D:2      | Reached XP level 4. HP: 28/37 MP: 4/4
  2247 | D:3      | Noticed an ogre
  2279 | D:3      | Killed an ogre
  2280 | D:3      | Reached skill level 6 in Polearms
  2280 | D:3      | Reached XP level 5. HP: 28/43 MP: 5/5
  2549 | D:4      | Noticed a phantom
  2567 | D:4      | Killed a phantom
  2568 | D:4      | Reached XP level 6. HP: 41/49 MP: 6/6
  2646 | D:4      | Found Zak Kosch's Assorted Antiques.
  2649 | D:4      | Reached skill level 7 in Polearms
  2678 | D:4      | Reached *** piety under Trog
  2758 | D:4      | Reached skill level 5 in Fighting
  2768 | D:4      | Reached XP level 7. HP: 44/56 MP: 7/7
  2983 | D:4      | Reached skill level 8 in Polearms
  3142 | D:5      | Entered Level 5 of the Dungeon
  3550 | D:5      | Reached skill level 9 in Polearms
  3570 | D:5      | Reached XP level 8. HP: 48/64 MP: 8/8
  3933 | D:4      | Bought a distressingly furry scale mail for 252 gold pieces
  3933 | D:4      | Identified the +1 scale mail of Hysteria {-Tele Int+3 Dex+2
                  | SInv} (You bought it in a shop on level 4 of the Dungeon)
  4410 | D:6      | Reached skill level 10 in Polearms
  4603 | D:6      | Reached **** piety under Trog
  4841 | D:6      | Reached skill level 11 in Polearms
  4938 | D:6      | Reached XP level 9. HP: 69/69 MP: 9/9
  5266 | D:7      | Reached skill level 12 in Polearms
  5526 | D:7      | Reached skill level 5 in Armour
  5769 | D:7      | Reached skill level 13 in Polearms
  6363 | D:7      | Found a staircase to the Ecumenical Temple.
  6523 | D:7      | Found a runed translucent door.
  6524 | D:7      | Noticed Crazy Yiuf
  6531 | D:7      | Killed Crazy Yiuf
  6845 | D:8      | Reached skill level 14 in Polearms
  6845 | D:8      | Reached XP level 10. HP: 56/76 MP: 10/10
  6990 | D:8      | Reached skill level 15 in Polearms
  7025 | D:8      | Noticed Joseph
  7041 | D:8      | Killed Joseph
  7059 | D:8      | Reached skill level 16 in Polearms
  7236 | D:8      | Found a staircase to the Lair.
  7245 | D:8      | Found Apperph's Assorted Antiques.
  7252 | D:8      | Bought a scroll labelled ATRUPLISAD for 23 gold pieces
  7284 | D:8      | Noticed a lindwurm
  7284 | D:8      | Noticed a lindwurm
  7345 | D:8      | Found a shimmering altar of Xom.
  7441 | D:8      | Found an iron altar of Okawaru.
  7570 | D:8      | Noticed a lindwurm
  7583 | D:8      | Noticed a lindwurm
  7642 | D:9      | Reached skill level 17 in Polearms
  7877 | D:9      | Reached XP level 11. HP: 75/81 MP: 11/11
  8532 | D:10     | Entered Level 10 of the Dungeon
  8545 | D:10     | Reached skill level 18 in Polearms
  8657 | D:10     | Found a staircase to the Orcish Mines.
  8722 | D:10     | Reached ***** piety under Trog
  9068 | D:10     | Found a transporter.
  9072 | D:10     | Noticed quakins's ghost (journeyman BaSu)
  9090 | D:10     | Found a transporter.
  9177 | D:10     | Found a portal to a secret trove of treasure.
  9235 | D:10     | Reached skill level 1 in Evocations
  9849 | Lair:1   | Entered Level 1 of the Lair of Beasts
 10432 | Lair:1   | Reached skill level 5 in Dodging
 11248 | Lair:2   | Reached skill level 19 in Polearms
 11531 | Lair:2   | Found a hole to the Spider Nest.
 11531 | Lair:2   | Noticed an orb spider
 11577 | Lair:2   | Killed an orb spider
 11661 | Lair:2   | Reached XP level 12. HP: 82/92 MP: 12/12
 12150 | Lair:2   | Reached skill level 5 in Evocations
 12438 | Lair:2   | Noticed a four-headed hydra
 12443 | Lair:2   | Killed a five-headed hydra
 13207 | Lair:3   | Reached skill level 20 in Polearms
 13247 | Lair:3   | Found a runed translucent door.
 13351 | Lair:3   | Reached skill level 1 in Throwing
 13620 | Lair:3   | Reached skill level 10 in Fighting
 13666 | Lair:3   | Noticed a seven-headed hydra
 13677 | Lair:3   | Killed a seven-headed hydra
 13795 | Lair:3   | Noticed a five-headed hydra
 13805 | Lair:3   | Killed a five-headed hydra
 13809 | Lair:3   | Reached XP level 13. HP: 103/103 MP: 13/13
 13890 | Lair:3   | Found a staircase to the Swamp.
 14266 | Lair:3   | Noticed DrKenneth's ghost (journeyman MiFi)
 15185 | Lair:4   | Found a viscous altar of Jiyva.
 15239 | Lair:4   | Found a staircase to the Slime Pits.
 15887 | Lair:5   | Entered Level 5 of the Lair of Beasts
 16254 | Lair:5   | Found a runed translucent door.
 16255 | Lair:5   | Noticed a fire dragon
 16259 | Lair:5   | Reached skill level 5 in Throwing
 16677 | Lair:5   | Paralysed by a hornet for 1 turns
 16989 | Lair:5   | HP: 5/107 [catoblepas (15)]
 16997 | Lair:5   | Mangled by a catoblepas

Illustrated notes

Levels and vault maps discovered:
D:1:      lightli_arrival_statuegarden, layout_basic
D:2:      layout_loops_ring, chequers_ecumenical_altar_simple_redux,
          grunt_ministairs_7
D:3:      layout_loops_ring, minmay_ogre_servants
D:4:      layout_cave_pools, serial_shops, shop, kennysheep_generic_room_12
D:5:      layout_rooms, nicolae_concentric_dashed_squares_wild
D:6:      layout_loops_ring, minmay_fountain_box
D:7:      layout_basic, temple_statues, minmay_misc_feat_x, grunt_tough_drop,
          uniq_crazy_yiuf_cottage
D:8:      layout_rooms, mainiacjoe_overflow_two_lobes, minmay_lair_entry_grove,
          serial_shops, nicolae_shop_waterfront, minmay_lindwurm_lava,
          uniq_joseph
D:9:      layout_rooms, nrook_campfire
D:10:     layout_irregular_city, zombieorc1_lemuel,
          nicolae_trove_entry_crossroad, gammafunk_ghost_arena
Lair:1:   layout_cave_pods
Lair:2:   layout_gridlike, nicolae_spider_entry_orb_guardian, grunt_megastairs_1
Lair:3:   layout_long_grid, palyth_hydra_swamp_entry, ebering_ghost_inner_flame,
          beast_lair_carwin_6
Lair:4:   layout_small_grid, minmay_slime_entry_pillars
Lair:5:   wormcave, layout_loops_ring, hangedman_lair_caniforms_friends

Skill      XL: |  1  2  3  4  5  6  7  8  9 10 11 12 13 |
---------------+----------------------------------------+-----
Polearms       | 5 6 7 9 11 14 17 19 20 | 20.0
Armour         | 2 3 4 5 6 8 |  8.5
Fighting       | 4 5 6 7 10 11 | 11.9
Dodging        | 6 |  6.0
Evocations     | 4 6 |  6.0
Throwing       | 2 5 |  5.6

Action                   |  1- 3 |  4- 6 |  7- 9 | 10-12 | 13-15 || total
-------------------------+-------+-------+-------+-------+-------++-------
Melee: Spear             |   111 |   206 |   201 |       |       ||   518
       Punch             |     3 |       |     4 |       |       ||     7
       Trident           |       |       |    59 |    12 |     6 ||    77
       Halberd           |       |       |   158 |   799 |    21 ||   978
       Tailslap          |       |       |       |     2 |       ||     2
       Glaive            |       |       |       |       |   232 ||   232
Throw: Stone             |       |     4 |    15 |     7 |       ||    26
       Dart              |       |       |       |     9 |     1 ||    10
Invok: Berserk           |       |     3 |     6 |     9 |     4 ||    22
       Trog's Hand       |       |       |     3 |     8 |       ||    11
       Brothers in Arms  |       |       |       |     1 |       ||     1
Evoke: Wand              |       |       |       |     4 |       ||     4
  Use: Scroll            |       |       |    11 |     9 |     2 ||    22
       Potion            |       |       |       |       |     2 ||     2
 Stab: Sleeping          |     1 |       |       |       |       ||     1
Armor: Animal skin       |     7 |       |       |       |       ||     7
       Leather armour    |    15 |     3 |       |       |       ||    18
       Plate armour      |       |    77 |   185 |   304 |   104 ||   670
Dodge: Dodged            |    45 |    38 |   101 |   271 |    93 ||   548

Table legend: (Time is in decaauts)
 A = Elapsed time spent in this place.
 B = Non-inter-level travel time spent in this place.
 C = Inter-level travel time spent in this place.
 D = Time resting spent in this place.
 E = Time spent auto-exploring this place.
 F = Levels seen in this place.
 G = Mean time per level.
                   A        B        C        D        E       F      G
               +--------+--------+--------+--------+--------+-----+--------+
         Total |  16714 |  15783 |    931 |   1598 |  11341 |  15 | 1114.3 |
       Dungeon |   9810 |   9155 |    655 |    574 |   6697 |  10 |  981.0 |
          Lair |   6904 |   6628 |    276 |   1024 |   4644 |   5 | 1380.8 |
               +--------+--------+--------+--------+--------+-----+--------+

Top non-repeatable levels by time:
     D:7: 1783 daAuts
  Lair:3: 1616 daAuts
  Lair:2: 1575 daAuts
  Lair:1: 1417 daAuts
  Lair:4: 1209 daAuts
     D:6: 1183 daAuts
    D:10: 1182 daAuts
  Lair:5: 1085 daAuts
     D:8: 939 daAuts
     D:3: 887 daAuts
     D:1: 875 daAuts
     D:9: 856 daAuts
     D:5: 746 daAuts
     D:2: 733 daAuts
     D:4: 621 daAuts
